 Dungeon Sprint DCSS version 0.29-a0-297-g7659ce593d (webtiles) character file.

Game seed: 9269845436350393384

10400000 namelastname112 the Conqueror (level 27, -8/249 HPs)
             Began as a Demonspawn Monk on Mar 20, 2022.
             Was the Champion of Makhleb.
             Killed by divine providence
             ... invoked by an accursed
              (12 damage)
             ... in the Dungeon (Sprint VIII: "Arena of Blood").
             The game lasted 00:04:05 (104 turns).

namelastname112 the Conqueror (Demonspawn Monk)      Turns: 104, Time: 00:04:06

Health: -8/249     AC:  3    Str: 11    XL:     27
Magic:  0/48       EV: 39    Int: 16    God:    Makhleb [******]
Gold:   0          SH:  0    Dex: 26    Spells: 69/69 levels left

rFire   . . .      SeeInvis +   j - +∞ Axe of Woe
rCold   . . .      Faith    .   (shield currently unavailable)
rNeg    . . .      Spirit   +   b - +0 robe
rPois   .          Reflect  .   (no helmet)
rElec   .          Harm     .   (no cloak)
rCorr   .          Rampage  .   (gloves unavailable)
Will    +++..      NoTele   +   (no boots)
Stlth   ++++++++++              (no amulet)
HPRegen 0.51/turn               k - ring of see invisible
MPRegen 0.62/turn               (no ring)

@: no status effects
A: claws 3, hurl damnation, torment resistance 1, magic shield, magic
regeneration, magic link, sturdy frame 3, demonic magic 3, demonic willpower
a: Hurl Damnation, Renounce Religion, Minor Destruction, Lesser Servant of
Makhleb, Major Destruction, Greater Servant of Makhleb


You were in the Dungeon.
You worshipped Makhleb.
Makhleb was exalted by your worship.
You visited 1 branch

Inventory:

Hand Weapons
 a - a +0 hand axe
 j - the +∞ Axe of Woe (weapon)
   (You found it in the Dungeon)
Armour
 b - a +0 robe (worn)
Jewellery
 k - a ring of see invisible (left claw)
Scrolls
 i - a scroll of blinking
Potions
 c - a potion of ambrosia
 d - a potion of curing
 e - a potion of heal wounds
 f - a potion of haste
 g - 2 potions of magic
 h - a potion of berserk rage


   Skills:
 O Level 27 Fighting
 + Level 21.6(24.4) Short Blades
 + Level 19.5(23.4) Long Blades
 O Level 27 Axes
 + Level 19.5(27) Maces & Flails
 + Level 19.5(27) Polearms
 + Level 19.5(25.3) Staves
 + Level 21.6(25.1) Slings
 + Level 21.6 Bows
 + Level 21.7 Crossbows
 + Level 21.6(25.1) Throwing
 + Level 21.6 Armour
 O Level 27 Dodging
 O Level 27 Stealth
 + Level 21.6 Shields
 + Level 21.6 Unarmed Combat
 + Level 21.6 Spellcasting
 + Level 23.3 Conjurations
 + Level 23.3 Hexes
 + Level 23.3 Summonings
 + Level 25.2 Necromancy
 + Level 21.6 Translocations
 + Level 21.7 Transmutations
 + Level 21.6 Fire Magic
 + Level 21.6 Ice Magic
 + Level 21.6 Air Magic
 + Level 21.6 Earth Magic
 + Level 23.3 Poison Magic
 O Level 27 Invocations
 + Level 23.3 Evocations


You had 69 spell levels left.
You didn't know any spells.
Your spell library was empty.

Dungeon Overview and Level Annotations

Branches:
Dungeon (1/1)

Altars:
Makhleb

Annotations:
D The Captor


Innate Abilities, Weirdness & Mutations

You have claws for hands.
You can hurl damnation.
You are resistant to unholy torment.
When hurt, damage is shared between your health and your magic reserves.
You regenerate magic rapidly.
When low on magic, you restore magic in place of health.
Your movements are significantly less encumbered by armour. (ER -6)
Spells you cast and wands you use may paralyse nearby enemies.
You punish those that try to bend your will. (Will+)


Message History

You smell a hint of brimstone!
You regained 20 hp, and now have 96/249 hp!
You hear a shout!!! x4
The accursed casts a spell at you! Something smites you!!!
You hear a shout!!! x2
The meat beast croaks, "Embrace thy fall, thou mewling swag-bellied pignut!!!"
The observer gazes at you! Something smites you!!! * * * don't die
* * * You hear a shout!!!
A bag of meat comes into view! It is wielding a +9 war axe!
You hear a shout!!! x2
The Captor gestures wildly while chanting!
The Captor seems to speed up!
You hear a shout!!!
The tyrant gestures wildly while chanting!
A meat berserker comes into view! It is wielding a +9 BATTLEAXE!
You take 28 damage, and have 68/249 hp!
You now have 5/48 mp!
You carve the tentacled monstrosity like a ham!!!!!!
You pulverise the tentacled monstrosity into a thin bloody mist!
You annihilate the tentacled monstrosity!!!
The tentacled monstrosity disappears in a puff of smoke!!! x2
You hear a shout!!!
The observer gazes at you!
The fireball explodes!!!
The fireball engulfs you!!!!!!!!! * * * don't die
* * * You hear a shout!!! x6; You hear a roar!!!
You hear a shout!!! x2
You take 64 damage, and have 4/249 hp!
MASSIVE DAMAGE!!!!!!
You now have 1/48 mp!
Press: ? - help, v - describe, ! - travel The floor, spattered with blood!
There are monsters nearby!!!
You hear a shout!!! x2
A bag of meat comes into view! It is wielding a +9 war axe! x2
You hear a shout!!! x2
The meat berserker rages!
The accursed points at you and mumbles some strange words!
Something smites you!!! rip

.)....####
))...)...####
z#####))).).####
........))))...####
##..........G)....####
.............).......#
.#.......#...))......#
.......####))))......#
.............).2@....#
.............2#XX....#
.... .........X.L....#
.... .........#.z....#
..# ......O....o@X..#
..# ....M.W..##XO...#
..###. ...M... oOo...#
...... .V....# #oo...#
......


You could see 2 accurseds, a tentacled monstrosity (summoned), 2 meat beasts, a
tyrant, an observer (fast, invisible), a sculptor of flesh, a large bag of meat
(inner flame), 4 large abominations, 2 meat berserkers, a wretched soul
(invisible), The Captor (fast) and 5 bags of meat.

Vanquished Creatures
  2 hell beasts (D)
  4 royal mummies (D)
  2 wraiths (D)
  8 vampire knights (D)
  24 ogres (D)
  3 two-headed ogres (D)
  3 liches (D)
  A hydra (D)
  53 orcs (D)
  5 skeletal warriors (D)
105 creatures vanquished.

Vanquished Creatures (others)
  An ogre (D)
  A two-headed ogre (D)
2 creatures vanquished.

Grand Total: 107 creatures vanquished

Notes
Turn   | Place    | Note
-------+----------+-------------------------------------------
     0 | D        | Found the +∞ Axe of Woe
     0 | D        | namelastname112 the Demonspawn Monk began the quest for the
                  | Orb.
     0 | D        | Reached XP level 1. HP: 18/18 MP: 1/1
     2 | D        | Noticed a bag of meat
     4 | D        | Noticed a bag of meat
     4 | D        | Became a worshipper of Makhleb the Destroyer
     4 | D        | Reached * piety under Makhleb
     4 | D        | Reached ** piety under Makhleb
     4 | D        | Noticed a bag of meat
     6 | D        | Noticed a meat berserker
     6 | D        | Killed a meat berserker
     7 | D        | Reached skill level 15 in Dodging
     7 | D        | Gained mutation: You have sharp fingernails. [demonic
                  | ancestry]
     7 | D        | Reached XP level 2. HP: 47/47 MP: 2/2
     7 | D        | Gained mutation: Spells you cast may paralyse adjacent
                  | enemies. [demonic ancestry]
     7 | D        | Reached XP level 3. HP: 53/53 MP: 3/3
     7 | D        | Gained mutation: Spells you cast may paralyse nearby
                  | enemies. [demonic ancestry]
     7 | D        | Reached XP level 4. HP: 60/60 MP: 4/4
     7 | D        | Gained mutation: Your movements are slightly less
                  | encumbered by armour. (ER -2) [demonic ancestry]
     7 | D        | Reached XP level 5. HP: 67/67 MP: 5/5
     7 | D        | Gained mutation: Your movements are less encumbered by
                  | armour. (ER -4) [demonic ancestry]
     7 | D        | Reached XP level 6. HP: 74/74 MP: 6/6
     7 | D        | Gained mutation: You regenerate magic rapidly. [demonic
                  | ancestry]
     7 | D        | Reached XP level 7. HP: 80/80 MP: 7/7
     7 | D        | Gained mutation: When hurt, damage is shared between your
                  | health and your magic reserves. [demonic ancestry]
     7 | D        | Reached XP level 8. HP: 87/87 MP: 8/8
     7 | D        | Reached XP level 9. HP: 93/93 MP: 9/9
     7 | D        | Reached XP level 10. HP: 101/101 MP: 10/10
     7 | D        | Gained mutation: When low on magic, you restore magic in
                  | place of health. [demonic ancestry]
     7 | D        | Reached XP level 11. HP: 107/107 MP: 11/11
     7 | D        | Noticed a bag of meat
     7 | D        | Noticed a bag of meat
     7 | D        | Noticed a meat berserker
     7 | D        | Noticed a meat berserker
     8 | D        | Noticed a bag of meat
    10 | D        | Noticed a meat berserker
    10 | D        | Noticed a bag of meat
    10 | D        | Noticed a bag of meat
    11 | D        | Killed a meat berserker
    11 | D        | Killed a meat berserker
    11 | D        | Killed a bag of meat
    11 | D        | Reached *** piety under Makhleb
    11 | D        | Noticed a meat berserker
    12 | D        | Gained mutation: You punish those that try to bend your
                  | will. (Will+) [demonic ancestry]
    12 | D        | Reached XP level 12. HP: 96/125 MP: 9/12
    12 | D        | Reached XP level 13. HP: 101/132 MP: 9/13
    12 | D        | Reached XP level 14. HP: 107/140 MP: 9/14
    12 | D        | Killed a bag of meat
    12 | D        | Killed a bag of meat
    12 | D        | Noticed a bag of meat
    13 | D        | Killed a bag of meat
    13 | D        | Reached **** piety under Makhleb
    13 | D        | Killed a meat berserker
    13 | D        | Noticed a meat berserker
    13 | D        | Noticed a large bag of meat
    14 | D        | Gained mutation: Spells you cast and wands you use may
                  | paralyse nearby enemies. [demonic ancestry]
    14 | D        | Reached XP level 15. HP: 154/154 MP: 9/15
    15 | D        | Noticed a meat berserker
    18 | D        | Reached ***** piety under Makhleb
    19 | D        | Reached skill level 10 in Stealth
    19 | D        | Killed a meat berserker
    19 | D        | Noticed a meat berserker
    20 | D        | Reached skill level 27 in Fighting
    20 | D        | Reached skill level 27 in Axes
    20 | D        | Reached XP level 16. HP: 167/167 MP: 9/16
    20 | D        | Killed a meat berserker
    21 | D        | Reached skill level 27 in Dodging
    21 | D        | Killed a large bag of meat
    22 | D        | Reached XP level 17. HP: 128/174 MP: 7/17
    22 | D        | Noticed a destroyer
    23 | D        | Noticed a destroyer
    24 | D        | Killed a meat berserker
    24 | D        | Reached ****** piety under Makhleb
    24 | D        | Noticed a large bag of meat
    25 | D        | Reached skill level 27 in Stealth
    26 | D        | Reached skill level 5 in Short Blades
    26 | D        | Reached skill level 5 in Slings
    26 | D        | Reached skill level 5 in Bows
    26 | D        | Reached skill level 5 in Crossbows
    26 | D        | Reached skill level 5 in Throwing
    26 | D        | Reached skill level 5 in Armour
    26 | D        | Reached skill level 5 in Shields
    26 | D        | Reached skill level 5 in Unarmed Combat
    26 | D        | Reached skill level 5 in Spellcasting
    26 | D        | Reached skill level 5 in Conjurations
    26 | D        | Reached skill level 5 in Hexes
    26 | D        | Reached skill level 5 in Summonings
    26 | D        | Reached skill level 5 in Translocations
    26 | D        | Reached skill level 5 in Transmutations
    26 | D        | Reached skill level 5 in Fire Magic
    26 | D        | Reached skill level 5 in Ice Magic
    26 | D        | Reached skill level 5 in Air Magic
    26 | D        | Reached skill level 5 in Earth Magic
    26 | D        | Reached skill level 5 in Poison Magic
    26 | D        | Reached skill level 5 in Evocations
    26 | D        | Reached XP level 18. HP: 182/182 MP: 10/25
    28 | D        | Noticed a large bag of meat
    28 | D        | Killed a meat berserker
    29 | D        | Reached skill level 10 in Invocations
    31 | D        | Noticed a sculptor of flesh
    32 | D        | Noticed a sculptor of flesh
    36 | D        | Killed a destroyer
    37 | D        | Reached XP level 19. HP: 102/189 MP: 4/31
    37 | D        | Noticed a meat berserker
    38 | D        | Killed a large bag of meat
    39 | D        | Reached skill level 10 in Necromancy
    39 | D        | Noticed a destroyer
    41 | D        | Killed a destroyer
    42 | D        | Reached skill level 10 in Conjurations
    42 | D        | Reached skill level 10 in Hexes
    42 | D        | Reached skill level 10 in Summonings
    42 | D        | Reached skill level 10 in Poison Magic
    42 | D        | Reached skill level 10 in Evocations
    42 | D        | Noticed a destroyer
    43 | D        | Killed a destroyer
    44 | D        | Reached skill level 10 in Short Blades
    44 | D        | Reached skill level 10 in Slings
    44 | D        | Reached skill level 10 in Bows
    44 | D        | Reached skill level 10 in Crossbows
    44 | D        | Reached skill level 10 in Throwing
    44 | D        | Reached skill level 10 in Armour
    44 | D        | Reached skill level 10 in Shields
    44 | D        | Reached skill level 10 in Unarmed Combat
    44 | D        | Reached skill level 10 in Spellcasting
    44 | D        | Reached skill level 10 in Translocations
    44 | D        | Reached skill level 10 in Transmutations
    44 | D        | Reached skill level 10 in Fire Magic
    44 | D        | Reached skill level 10 in Ice Magic
    44 | D        | Reached skill level 10 in Air Magic
    44 | D        | Reached skill level 10 in Earth Magic
    44 | D        | Reached XP level 20. HP: 160/197 MP: 5/34
    47 | D        | Killed a meat berserker
    48 | D        | Killed a destroyer
    49 | D        | Reached skill level 15 in Invocations
    51 | D        | Noticed a meat berserker
    52 | D        | Noticed a meat berserker
    52 | D        | Noticed a meat berserker
    53 | D        | Killed a meat berserker
    54 | D        | Reached skill level 10 in Long Blades
    54 | D        | Reached skill level 10 in Maces & Flails
    54 | D        | Reached skill level 10 in Polearms
    54 | D        | Reached skill level 10 in Staves
    55 | D        | Noticed an accursed
    55 | D        | Noticed a meat berserker
    56 | D        | Gained mutation: You have very sharp fingernails. [demonic
                  | ancestry]
    56 | D        | Reached XP level 21. HP: 204/204 MP: 12/36
    56 | D        | Noticed an accursed
    56 | D        | Killed a large bag of meat
    56 | D        | Noticed a tyrant
    58 | D        | Reached skill level 15 in Necromancy
    58 | D        | Noticed a tyrant
    59 | D        | Noticed a destroyer
    59 | D        | Noticed an accursed
    61 | D        | Noticed a destroyer
    61 | D        | Noticed a destroyer
    61 | D        | Noticed a tyrant
    61 | D        | Noticed a meat beast
    62 | D        | Killed an accursed
    63 | D        | Reached skill level 15 in Conjurations
    63 | D        | Reached skill level 15 in Hexes
    63 | D        | Reached skill level 15 in Summonings
    63 | D        | Reached skill level 15 in Poison Magic
    63 | D        | Reached skill level 15 in Evocations
    63 | D        | Reached XP level 22. HP: 44/212 MP: 2/39
    65 | D        | Reached skill level 15 in Short Blades
    65 | D        | Reached skill level 15 in Slings
    65 | D        | Reached skill level 15 in Bows
    65 | D        | Reached skill level 15 in Crossbows
    65 | D        | Reached skill level 15 in Throwing
    65 | D        | Reached skill level 15 in Armour
    65 | D        | Reached skill level 15 in Shields
    65 | D        | Reached skill level 15 in Unarmed Combat
    65 | D        | Reached skill level 15 in Spellcasting
    65 | D        | Reached skill level 15 in Translocations
    65 | D        | Reached skill level 15 in Transmutations
    65 | D        | Reached skill level 15 in Fire Magic
    65 | D        | Reached skill level 15 in Ice Magic
    65 | D        | Reached skill level 15 in Air Magic
    65 | D        | Reached skill level 15 in Earth Magic
    65 | D        | Killed a meat beast
    66 | D        | Gained mutation: You have claws for hands. [demonic
                  | ancestry]
    66 | D        | Reached XP level 23. HP: 219/219 MP: 4/42
    66 | D        | Noticed a dread
    66 | D        | Killed a destroyer
    67 | D        | Killed an accursed
    68 | D        | Reached skill level 15 in Long Blades
    68 | D        | Reached skill level 15 in Maces & Flails
    68 | D        | Reached skill level 15 in Polearms
    68 | D        | Reached skill level 15 in Staves
    68 | D        | Gained mutation: Your movements are significantly less
                  | encumbered by armour. (ER -6) [demonic ancestry]
    68 | D        | Reached XP level 24. HP: 176/227 MP: 4/44
    68 | D        | Killed a destroyer
    69 | D        | Killed an accursed
    69 | D        | Killed a tyrant
    72 | D        | Noticed a dread
    72 | D        | Killed a dread
    73 | D        | Gained mutation: You are resistant to unholy torment.
                  | [demonic ancestry]
    73 | D        | Reached XP level 25. HP: 142/234 MP: 2/45
    73 | D        | Killed a tyrant
    76 | D        | Killed a destroyer
    76 | D        | Noticed a large bag of meat
    80 | D        | Killed a large bag of meat
    82 | D        | Noticed a meat beast
    83 | D        | Killed a dread
    84 | D        | Reached skill level 27 in Invocations
    84 | D        | Killed a tyrant
    85 | D        | Reached XP level 26. HP: 150/242 MP: 3/47
    85 | D        | Noticed a destroyer
    87 | D        | Killed a meat beast
    89 | D        | Noticed an accursed
    93 | D        | Killed a destroyer
    98 | D        | Killed an accursed
    98 | D        | Noticed a tyrant
    98 | D        | Noticed a meat beast
    99 | D        | Noticed an accursed
   100 | D        | Noticed a meat beast
   100 | D        | Noticed an accursed
   100 | D        | Noticed The Captor
   100 | D        | Noticed a large bag of meat
   101 | D        | Noticed a destroyer
   102 | D        | Gained mutation: You can hurl damnation. [demonic ancestry]
   102 | D        | Reached XP level 27. HP: 96/249 MP: 7/48
   103 | D        | HP: 4/249 [observer/fireball (64)]
   104 | D        | epen: Алексей
   104 | D        | epen: А
   104 | D        | namelastname112: а
   104 | D        | epen: Я думаю что за хуйня
   104 | D        | epen: А это арена
   104 | D        | Killed from afar by an accursed

Illustrated notes

Levels and vault maps discovered:
D:        meatsprint

Skill      XL: |  1  2  3  4  5  6  7  8  9 10 11 12 13 14 15 16 17 18 19 20 21 22 23 24 25 26 |
---------------+-------------------------------------------------------------------------------+-----
Fighting       | 17 22 25 27 | 27.0
Axes           | 16 21 24 27 | 27.0
Dodging        | 15 20 22 26 27 | 27.0
Stealth        | 6 8 9 13 26 27 | 27.0
Short Blades   | 5 8 10 11 13 15 17 18 20 21 | 21.6
Long Blades    | 4 7 9 10 12 13 15 16 17 19 | 19.5
Maces & Flails | 4 7 9 10 12 13 15 16 17 19 | 19.5
Polearms       | 4 7 9 10 12 13 15 16 17 19 | 19.5
Staves         | 4 7 9 10 12 13 15 16 17 19 | 19.5
Slings         | 5 8 10 11 14 15 17 18 20 21 | 21.6
Bows           | 5 8 10 11 13 15 17 18 20 21 | 21.6
Crossbows      | 5 8 10 11 14 16 17 18 20 21 | 21.7
Throwing       | 5 8 10 11 13 15 17 18 20 21 | 21.6
Armour         | 5 8 10 11 13 15 17 18 20 21 | 21.6
Shields        | 5 8 10 11 14 16 17 18 20 21 | 21.6
Unarmed Combat | 5 8 10 11 13 15 17 18 20 21 | 21.6
Spellcasting   | 5 8 10 11 13 15 17 18 20 21 | 21.6
Conjurations   | 5 9 11 12 15 17 18 20 21 23 | 23.3
Hexes          | 5 9 11 13 15 17 18 20 21 23 | 23.3
Summonings     | 5 9 11 12 15 17 18 20 21 23 | 23.3
Necromancy     | 6 9 12 14 16 18 20 21 23 25 | 25.2
Translocations | 5 8 10 11 13 15 17 18 20 21 | 21.6
Transmutations | 5 8 10 11 13 15 17 18 20 21 | 21.7
Fire Magic     | 5 8 10 11 14 15 17 18 20 21 | 21.6
Ice Magic      | 5 8 10 11 13 15 17 18 20 21 | 21.6
Air Magic      | 5 8 10 12 14 16 17 18 20 21 | 21.6
Earth Magic    | 5 8 10 11 13 15 17 18 20 21 | 21.6
Poison Magic   | 5 9 11 12 15 17 18 20 21 23 | 23.3
Invocations    | 7 11 14 16 19 21 23 25 27 | 27.0
Evocations     | 5 9 11 12 15 17 18 20 21 23 | 23.3

Action                   |  1- 3 |  4- 6 |  7- 9 | 10-12 | 13-15 | 16-18 | 19-21 | 22-24 | 25-27 || total
-------------------------+-------+-------+-------+-------+-------+-------+-------+-------+-------++-------
Melee: Executioner's axe |     1 |       |       |     1 |     4 |     6 |    12 |    10 |    22 ||    56
Dodge: Dodged            |       |       |       |       |     3 |     8 |       |       |     2 ||    13

Table legend: (Time is in decaauts)
 A = Elapsed time spent in this place.
 B = Non-inter-level travel time spent in this place.
 C = Inter-level travel time spent in this place.
 D = Time resting spent in this place.
 E = Time spent auto-exploring this place.
 F = Levels seen in this place.
 G = Mean time per level.
                   A        B        C        D        E       F      G
               +--------+--------+--------+--------+--------+-----+--------+
         Total |     87 |     87 |      0 |      0 |      0 |   1 |   87.0 |
       Dungeon |     87 |     87 |      0 |      0 |      0 |   1 |   87.0 |
               +--------+--------+--------+--------+--------+-----+--------+

Top non-repeatable levels by time:
       D: 87 daAuts
